 Dungeon Crawl Stone Soup version 0.24-a0-285-g3c078ff (webtiles) character file.

Game seed: 9659539935971651920

714 Ijustatesigmund the Cudgeler (level 7, 0/50 HPs)
             Began as an Octopode Fighter on May 7, 2019.
             Slain by a yak (13 damage)
             ... on level 4 of the Dungeon.
             The game lasted 00:05:11 (2946 turns).

Ijustatesigmund the Cudgeler (Octopode Fighter)     Turns: 2946, Time: 00:05:12

Health: 0/50       AC:  1    Str: 20    XL:     7   Next: 69%
Magic:  7/7        EV: 12    Int: 11    God:
Gold:   177        SH:  9    Dex: 13    Spells: 6/6 levels left

rFire    . . .     SeeInvis .   a - +0 flail
rCold    . . .     Gourm    .   b - +0 shield
rNeg     . . .     Faith    .   (helmet restricted)
rPois    .         Spirit   .   (no amulet)
rElec    .         Reflect  .   (no ring)
rCorr    .         Harm     .   (no ring)
MR       .....                  (no ring)
Stlth    ++........             (no ring)
HPRegen  0.16/turn              (no ring)
MPRegen  0.10/turn              (no ring)
                                (no ring)
                                (no ring)

@: mighty
A: almost no armour, stealthy swim, amphibious, 8 rings, constrict 8, camouflage
1, gelatinous body 1
a: no special abilities


You were on level 4 of the Dungeon.
You were hungry.

You visited 1 branch of the dungeon, and saw 4 of its levels.

You collected 177 gold pieces.

Inventory:

Hand Weapons
 a - a +0 flail (weapon)
Armour
 b - a +0 shield (worn)
Jewellery
 n - an uncursed ring of fire
Wands
 p - a wand of paralysis (10)
Scrolls
 i - 4 scrolls of remove curse
 o - a scroll of blinking
Potions
 e - 4 potions of flight
 f - a potion of resistance
 g - 2 potions of cancellation
 h - 2 potions of ambrosia
 j - a potion of brilliance
 k - a potion of mutation {unknown}
 l - a potion of curing
 m - a potion of haste {unknown}
Comestibles
 d - 7 rations


   Skills:
 + Level 5.5 Fighting
 * Level 7.0 Maces & Flails
 - Level 3.0 Dodging
 - Level 3.0 Shields


You had 6 spell levels left.
You didn't know any spells.
Your spell library was empty.

Dungeon Overview and Level Annotations

Branches:
Dungeon (4/15)
 Temple: D:4-7

Altars:
Fedhas
Makhleb
Qazlal
Ru
Vehumet


Innate Abilities, Weirdness & Mutations

You cannot wear most types of armour.
You are very stealthy in the water. (Stealth+)
You are amphibious.
You can wear up to eight rings at the same time.
You can use your tentacles to constrict eight enemies at once.
Your skin changes colour to match your surroundings (Stealth+).
Your rubbery body absorbs attacks. (AC +1, EV +1)


Message History

The yak closely misses you.
You hit the yak.
The yak is severely wounded.
The yak gores you!
You thump the yak!
The yak is almost dead.
The yak gores you!
* * * LOW HITPOINT WARNING * * *
You sock the yak!
You kill the yak!
You barely miss the yak.
The yak is almost dead.
The yak barely misses you.
You hit the yak.
You kill the yak!
Your Maces & Flails skill increases to level 7!
You sock the yak!
The yak is heavily wounded.
The yak gores you!
You die...

###################
#............@YY..#
#
#.###############.#
####.###### .Y.
#.........# ####
#.##.####.#
#.##.##.# #.##....#
#.#####.# #.#####.#


You could see 2 yaks.

Vanquished Creatures
  2 yaks (D:4)
  A phantom (D:3)
  A centaur skeleton (D:4)
  A bullfrog skeleton (D:4)
  An iguana (D:4)
  Natasha (thrice) (D:2)
  An orc wizard (D:3)
  Terence (D:2)
  4 adders
  2 oozes
  6 worms
  3 dart slugs
  3 leopard geckos
  8 orcs (D:3)
  7 goblins
  6 hobgoblins
  7 jackals (D:3)
  2 quokkas (D:3)
  A ball python (D:3)
  5 bats
  A frilled lizard (D:1)
  10 kobolds
  6 rats
82 creatures vanquished.

Vanquished Creatures (others)
  4 fungi (D:2)
4 creatures vanquished.

Grand Total: 86 creatures vanquished

Notes
Turn   | Place    | Note
-------+----------+-------------------------------------------
     0 | D:1      | Ijustatesigmund the Octopode Fighter began the quest for
                  | the Orb.
     0 | D:1      | Reached XP level 1. HP: 16/16 MP: 1/1
   116 | D:1      | Reached XP level 2. HP: 20/21 MP: 2/2
   538 | D:1      | Reached skill level 3 in Maces & Flails
   550 | D:1      | Reached XP level 3. HP: 25/26 MP: 3/3
   629 | D:2      | Noticed Terence
   634 | D:2      | Found a blossoming altar of Fedhas.
   734 | D:2      | Killed Terence
   734 | D:2      | Reached XP level 4. HP: 28/33 MP: 4/4
   862 | D:2      | Noticed Natasha
   869 | D:2      | Killed Natasha
   869 | D:2      | Reached skill level 4 in Maces & Flails
  1291 | D:2      | Reached XP level 5. HP: 35/37 MP: 5/5
  1300 | D:2      | Found a stormy altar of Qazlal.
  1438 | D:2      | Noticed Natasha
  1521 | D:2      | Killed Natasha
  1637 | D:2      | Noticed Natasha
  1643 | D:2      | Killed Natasha
  1927 | D:3      | Reached skill level 5 in Maces & Flails
  1989 | D:3      | Reached XP level 6. HP: 35/44 MP: 6/6
  2120 | D:3      | Noticed a phantom
  2144 | D:3      | Killed a phantom
  2313 | D:3      | Found a radiant altar of Vehumet.
  2313 | D:3      | Found a sacrificial altar of Ru.
  2327 | D:3      | Found a faded altar of an unknown god.
  2330 | D:3      | Found a faded altar of an unknown god.
  2332 | D:3      | Found a burning altar of Makhleb.
  2815 | D:4      | Reached skill level 5 in Fighting
  2815 | D:4      | Reached skill level 6 in Maces & Flails
  2815 | D:4      | Reached XP level 7. HP: 32/50 MP: 7/7
  2929 | D:4      | Noticed a yak
  2929 | D:4      | Noticed a yak
  2930 | D:4      | Noticed a yak
  2935 | D:4      | Noticed a yak
  2943 | D:4      | Killed a yak
  2945 | D:4      | Killed a yak
  2945 | D:4      | Reached skill level 7 in Maces & Flails
  2946 | D:4      | Slain by a yak

Levels and vault maps discovered:
D:1:      minmay_arrival_nine_rooms, layout_rooms, kennysheep_doodads
D:2:      layout_loops_ring, nicolae_qazlal_eye_of_the_storm, fedhas_altar_3,
          first_ration, uniq_natasha, uniq_terence
D:3:      layout_loops_ring, chequers_temple_overflow_minitemple
D:4:      layout_basic

Skill      XL: |  1  2  3  4  5  6  7 |
---------------+----------------------+-----
Maces & Flails | 3 4 5 6 7 |  7.0
Fighting       | 4 5 |  5.5
Dodging        | |  3.0
Shields        | |  3.0

Action                   |  1- 3 |  4- 6 |  7- 9 || total
-------------------------+-------+-------+-------++-------
Melee: Flail             |    50 |   120 |    12 ||   182
       Constrict         |    15 |    35 |       ||    50
       Tentacles         |     6 |    33 |     3 ||    42
  Use: Scroll            |     3 |     8 |       ||    11
       Potion            |       |     1 |     1 ||     2
 Stab: Sleeping          |     4 |     4 |       ||     8
  Eat: Chunk             |       |     6 |       ||     6
Armor: Skin              |     3 |     8 |       ||    11
Dodge: Dodged            |    21 |    50 |     4 ||    75
Block: Shield            |    29 |    46 |     3 ||    78

Table legend:
 A = Non-vault XP
 B = Vault XP
 C = Vault XP percentage of total XP
 D = Non-vault monster count
 E = Vault monster count
 F = Vault count percentage of total count
                 A         B        C        D         E       F
            +---------+---------+-------+---------+---------+-------
      Total |     954 |      67 |   6.6 |      80 |       2 |   2.4
            +---------+---------+-------+---------+---------+-------
        D:1 |      35 |       0 |   0.0 |      19 |       0 |   0.0
        D:2 |     139 |      67 |  32.5 |      18 |       2 |  10.0
        D:3 |     263 |       0 |   0.0 |      37 |       0 |   0.0
        D:4 |     517 |       0 |   0.0 |       6 |       0 |   0.0
            +---------+---------+-------+---------+---------+-------
